 Dungeon Crawl Stone Soup version 0.27-a0-1081-ge8a0a9c698 (webtiles) character file.

Game seed: 2688652726798193596

0 spiderkeys the Caller (level 1, 0/9 HPs)
             Began as a Vine Stalker Summoner on Apr 26, 2021.
             Slain by a jackal (1 damage)
             ... on level 1 of the Dungeon.
             The game lasted 00:00:38 (27 turns).

spiderkeys the Caller (Vine Stalker Summoner)         Turns: 27, Time: 00:00:39

Health: 0/9        AC:  2    Str: 10    XL:     1   Next: 10%
Magic:  0/4        EV: 12    Int: 15    God:
Gold:   0          SH:  0    Dex: 14    Spells: 3/4 levels left

rFire    . . .     SeeInvis .   (no weapon)
rCold    . . .     Faith    .   (no shield)
rNeg     . . .     Spirit   +   a - +0 robe
rPois    .         Reflect  .   (no helmet)
rElec    .         Harm     .   (no cloak)
rCorr    .         Rampage  .   (no gloves)
Will     .....                  (no boots)
Stlth    ++........             (no amulet)
HPRegen  0.03/turn              (no ring)
MPRegen  0.09/turn              (no ring)

@: no status effects
A: fangs 2, magic shield, antimagic bite, no potion heal 2
a: no special abilities


You were on level 1 of the Dungeon.
You visited 1 branch of the dungeon, and saw 1 of its levels.


Innate Abilities, Weirdness & Mutations

You have extremely sharp teeth.
When hurt, damage is shared between your health and your magic reserves.
Your bite disrupts and absorbs the magic of your enemies.
Potions cannot restore your health.


   Skills:
 + Level 0.0 Fighting
 + Level 1.5 Dodging
 + Level 2.4 Stealth
 + Level 2.2 Spellcasting
 + Level 4.0 Summonings


You had 3 spell levels left.
You knew the following spells:

 Your Spells              Type           Power      Damage    Failure   Level
z - Summon Small Mammal   Summ           52%        N/A       4%          1

Your spell library contained the following spells:

 Spells                   Type           Power      Damage    Failure   Level
 Call Imp                 Summ           13%        N/A       6%          2
 Call Canine Familiar     Summ           13%        N/A       13%         3
 Magic Dart               Conj           4%         1d3       22%         1
 Summon Guardian Golem    Hex/Summ       7%         N/A       28%         3
 Searing Ray              Conj           2%         3d3       32%         2
 Dazzling Flash           Conj/Hex       2%         N/A       54%         3
 Summon Ice Beast         Ice/Summ       7%         N/A       67%         4
 Summon Lightning Spire   Summ/Air       7%         N/A       67%         4
 Fulminant Prism          Conj/Hex       0%         3d6       91%         4
 Iskenderun's Mystic Bla  Conj/Tloc      1%         2d3       91%         4

Inventory:

Armour
 a - a +0 robe (worn)

Dungeon Overview and Level Annotations

Branches:
Dungeon (1/15)

Altars:

#######
#.....+
#..<..#
#+#..>..#
#.#.....#
#.'.....+
###.#######
+.....# #
###@###.###.
#brhh.b.....
#...†b.#####
#....###
#.#.## #.#.#
#.#.# .#...
. #..


You could see a quokka (ally target), 2 jackals and 3 friendly bats.


Message History

🤖 Initializing magus.rc ...
Options error: Delay interrupt name "hungry" not recognised. (~/.crawlrc:4988) ✅ Successfully initialized magus.rc [v1.9.10] Welcome, spiderkeys the Vine Stalker Summoner.
Will you be the one to retrieve the fabulous Orb of Zot from the depths?
Press ? for a list of commands and other information.
Found a metal-bound book.
Found an escape hatch in the floor.
Found a staircase leading out of the dungeon.
You pick up a book of Conjurations and begin reading...
You add the spells Magic Dart, Searing Ray, Dazzling Flash, Fulminant Prism and Iskenderun's Mystic Blast to your library.
Okay, then.
Okay, then.
You open the door.
There is an open door here.
You open the door.
A giant cockroach comes into view.
There is an open door here. 😎 MP[-1]
You lost 1 mp, and now have 3/4 mp.
You swap places.
A quokka and a jackal come into view.
A jackal comes into view.
The giant cockroach barely misses your bat.
Your bat barely misses the giant cockroach.
The jackal barks! x2
Your bat hits the giant cockroach but does no damage.
Your bat barely misses the giant cockroach.
The giant cockroach completely misses your bat.
The quokka bites your quokka but does no damage. 😎 MP[-1]
You lost 1 mp, and now have 2/4 mp.
There are no items here.
There are no items here.
Your bat barely misses the giant cockroach.
The giant cockroach bites your bat. The quokka bites your quokka.
Your bat hits the giant cockroach but does no damage.
Your quokka completely misses the quokka.
The giant cockroach misses your bat.
Your bat hits the giant cockroach but does no damage.
The quokka barely misses your quokka.
Your quokka barely misses the quokka.
Your bat barely misses the giant cockroach.
The quokka barely misses your quokka.
Your quokka barely misses the quokka.
The giant cockroach closely misses your bat.
Your bat hits the giant cockroach but does no damage.
The quokka closely misses your quokka.
Your quokka misses the quokka.
The giant cockroach closely misses your bat.
Your bat barely misses the giant cockroach.
The quokka bites your quokka.
Your bat hits the giant cockroach.
Your quokka barely misses the quokka.
The giant cockroach waves its antennae.
The quokka bites your quokka.
Your quokka dies!
Your quokka's corpse disappears in a puff of smoke! 😎 MP[-1]
You lost 1 mp, and now have 1/4 mp.
Your bat hits the giant cockroach but does no damage.
The giant cockroach closely misses your bat.
Your bat misses the quokka. Your bat hits the giant cockroach.
The giant cockroach completely misses your bat.
Your bat hits the quokka but does no damage.
Your bat closely misses the giant cockroach.
Your bat hits the giant cockroach. The quokka bites your bat.
The jackal misses your bat.
The giant cockroach closely misses your bat.
Your bat barely misses the quokka.
Your bat barely misses the jackal.
Your bat hits the giant cockroach.
Your bat closely misses the jackal.
The jackal barely misses your bat. The quokka misses you.
Your bat hits the giant cockroach but does no damage.
Your bat hits the jackal but does no damage.
Your bat closely misses the giant cockroach.
Your bat closely misses the quokka.
The giant cockroach bites you. The jackal bites your bat.
The quokka bites you. 😮 HP[-4] MP[-1]
You take 4 damage, and now have 5/9 hp.
MASSIVE DAMAGE!! (PAUSE)
You lost 1 mp, and now have 0/4 mp.
You barely miss the giant cockroach. Your bite misses the giant cockroach.
Your bat hits the jackal. Your bat hits the giant cockroach.
The giant cockroach dies!
Your bat hits the jackal.
Your bat barely misses the jackal.
The quokka bites you.
* * * LOW HITPOINT WARNING * * *
😱 HP[-4]
You take 4 damage, and now have 1/9 hp.
MASSIVE DAMAGE!! (PAUSE)
Your bat hits the jackal but does no damage.
Your bat hits the quokka. Your bat hits the jackal.
Your bat closely misses the jackal.
Your bat hits the jackal. The jackal bites you.
You die...

Action                   || total
-------------------------++-------
Melee: Unarmed           ||     1
 Cast: Summon Small Mamm ||     4
Dodge: Dodged            ||     1

Levels and vault maps discovered:
D:1:      shiori_arrival_maze, layout_loops_ring, shapermc_ecumenical_altar_venn

Notes
Turn   | Place    | Note
-------+----------+-------------------------------------------
     0 | D:1      | spiderkeys the Vine Stalker Summoner began the quest for
                  | the Orb.
     0 | D:1      | Reached XP level 1. HP: 9/9 MP: 4/4
     0 | D:1      | magus.rc [v1.9.10]
     1 | D:1      | You pick up a book of Conjurations and begin reading...
     1 | D:1      | You add the spells Magic Dart, Searing Ray, Dazzling Flash,
                  | Fulminant Prism and Iskenderun's Mystic Blast to your
                  | library.
    26 | D:1      | HP: 1/9 [quokka (4)]
    27 | D:1      | Slain by a jackal

Vanquished Creatures (collateral kills)
  A giant cockroach (D:1)
1 creature vanquished.

Table legend:
 A = Non-vault XP
 B = Vault XP
 C = Vault XP percentage of total XP
 D = Non-vault monster count
 E = Vault monster count
 F = Vault count percentage of total count
                 A         B        C        D         E       F
            +---------+---------+-------+---------+---------+-------
      Total |       1 |       0 |   0.0 |       1 |       0 |   0.0
            +---------+---------+-------+---------+---------+-------
        D:1 |       1 |       0 |   0.0 |       1 |       0 |   0.0
            +---------+---------+-------+---------+---------+-------

Illustrated notes

Table legend:
 A = Kills in this place as a percentage of kills in entire the game.
 B = Kills by you in this place as a percentage of kills by you in the entire game.
 C = Kills by friends in this place as a percentage of kills by friends in the entire game.
 D = Other kills in this place as a percentage of other kills in the entire game.
 E = Experience gained in this place as a percentage of experience gained in the entire game.
 F = Experience gained in this place divided by the number of levels of this place that you have seen.
                   A       B       C       D       E      F
               +-------+-------+-------+-------+-------+----------------------
         Total | 100.0 |   N/A | 100.0 |   N/A | 100.0 |   1.0
       Dungeon | 100.0 |   N/A | 100.0 |   N/A | 100.0 |   1.0
               +-------+-------+-------+-------+-------+----------------------

Table legend: (Time is in decaauts)
 A = Elapsed time spent in this place.
 B = Non-inter-level travel time spent in this place.
 C = Inter-level travel time spent in this place.
 D = Time resting spent in this place.
 E = Time spent auto-exploring this place.
 F = Levels seen in this place.
 G = Mean time per level.
                   A        B        C        D        E       F      G
               +--------+--------+--------+--------+--------+-----+--------+
         Total |     27 |     27 |      0 |      0 |     10 |   1 |   27.0 |
       Dungeon |     27 |     27 |      0 |      0 |     10 |   1 |   27.0 |
               +--------+--------+--------+--------+--------+-----+--------+

Top non-repeatable levels by time:
     D:1: 27 daAuts
